 Dungeon Crawl Stone Soup version 0.28.0-47-ge53b351184 (webtiles) character file.

Game seed: 1695018825849759703

3127 Bruhh the Frost Mage (level 9, 0/66 HPs)
             Began as a Gnoll Ice Elementalist on Apr 30, 2022.
             Engulfed by a cloud of steam (12 damage)
             ... on level 7 of the Dungeon.
             The game lasted 00:16:11 (9846 turns).

Bruhh the Frost Mage (Gnoll Ice Elementalist)       Turns: 9846, Time: 00:16:13

Health: 0/66       AC:  2    Str:  8    XL:     9   Next: 92%
Magic:  10/19      EV: 14    Int: 19    God:
Gold:   435        SH:  0    Dex: 12    Spells: 10/21 levels left

rFire   . . .      SeeInvis .   u - +1 whip (venom)
rCold   . . .      Faith    .   (no shield)
rNeg    . . .      Spirit   .   a - +0 robe
rPois   .          Reflect  .   (no helmet)
rElec   .          Harm     .   (no cloak)
rCorr   .          Rampage  .   (no gloves)
Will    .....                   (no boots)
Stlth   +++.......              (no amulet)
HPRegen 0.21/turn               (no ring)
MPRegen 0.16/turn               (no ring)

@: no status effects
A: fangs 1, strong nose, distributed training
a: no special abilities


You were on level 7 of the Dungeon.
You visited 1 branch of the dungeon, and saw 7 of its levels.

You collected 435 gold pieces.

Inventory:

Hand Weapons
 q - a +1 dagger of speed
 u - a +1 whip of venom (weapon)
Missiles
 e - 2 throwing nets
 t - 183 stones
Armour
 a - a +0 robe (worn)
 f - a scarf of invisibility
 j - a +0 helmet
 k - a scarf of harm
 A - the +2 ring mail of the Armoured One {rC+ Str+6}
   (You found it on level 4 of the Dungeon)

   Str:       It affects your strength (+6).
   rC:        It protects you from cold.
 B - a +0 hat
 F - the +3 ring mail "Zom Aplo" {Contam MP+9 Slay+2}
   (You found it on level 7 of the Dungeon)

   Slay:      It affects your accuracy & damage with ranged weapons and melee
   (+2).
   MP:        It affects your magic capacity (+9).
   Contam:    It causes magical contamination when unequipped.
Magical Staves
 x - a staff of conjuration
Jewellery
 r - a ring of protection from cold
Wands
 p - a wand of paralysis (5)
 D - a wand of flame (16)
 E - a wand of acid (7)
 G - a wand of polymorph (13)
Scrolls
 c - a scroll of blinking
 g - a scroll of silence {unknown}
 h - 4 scrolls of identify
 l - a scroll of vulnerability {unknown}
 v - a scroll of holy word {unknown}
 w - 3 scrolls of teleportation {unknown}
 y - a scroll of torment {unknown}
Potions
 b - 3 potions of heal wounds {unknown}
 d - 3 potions of attraction {unknown}
 i - 2 potions of brilliance {unknown}
 m - 3 potions of might {unknown}
 n - a potion of resistance {unknown}
 o - 2 potions of flight {unknown}
 s - 2 potions of curing {unknown}
 z - 3 potions of lignification {unknown}
 C - a potion of haste {unknown}


   Skills:
 + Level 4.7 Fighting
 + Level 4.7 Short Blades
 + Level 4.7 Long Blades
 + Level 4.7 Axes
 + Level 4.7 Maces & Flails
 + Level 4.7 Polearms
 + Level 4.7 Staves
 + Level 4.7 Slings
 + Level 4.7 Bows
 + Level 4.7 Crossbows
 + Level 4.7 Throwing
 + Level 4.7 Armour
 + Level 6.6 Dodging
 + Level 6.3 Stealth
 + Level 4.7 Shields
 + Level 4.7 Unarmed Combat
 + Level 6.9 Spellcasting
 + Level 3.9 Conjurations
 + Level 3.9 Hexes
 + Level 3.9 Summonings
 + Level 3.9 Necromancy
 + Level 3.9 Translocations
 + Level 3.9 Transmutations
 + Level 3.9 Fire Magic
 + Level 8.2 Ice Magic
 + Level 3.9 Air Magic
 + Level 3.9 Earth Magic
 + Level 3.9 Poison Magic
 + Level 5.2 Invocations
 + Level 4.7 Evocations


You had 10 spell levels left.
You knew the following spells:

 Your Spells              Type           Power      Damage    Failure   Level
a - Freeze                Ice            100%       1d11      1%          1
b - Frozen Ramparts       Ice            74%        1d9       1%          3
c - Ozocubu's Armour      Ice            37%        N/A       1%          3
d - Sandblast             Erth           42%        2d11      1%          1
e - Stone Arrow           Conj/Erth      42%        3d9       6%          3

Your spell library contained the following spells:

 Spells                   Type           Power      Damage    Failure   Level
 Passwall                 Tmut/Erth      17%        N/A       3%          2
 Hailstorm                Conj/Ice       29%        3d8       9%          4


Dungeon Overview and Level Annotations

Branches:
Dungeon (7/15)             Temple (0/1) D:6

Altars:

Shops:
D:1 (

Annotations:
D:3 Grinder
D:4 3 runed translucent doors, Kangaroobicon's ghost, amateur GnBr
D:5 5 runed translucent doors
D:7 Dowan; Duvessa


Innate Abilities, Weirdness & Mutations

You have very sharp teeth.
Your uncanny sense of smell can sniff out nearby items.
Your experience applies equally to all skills.


Message History

The steam dragon is lightly wounded.
The steam dragon bites you! The steam dragon claws you.
You freeze the steam dragon!
The steam dragon is moderately wounded.
The steam dragon breathes steam at you. The ball of steam hits you!!
You freeze the steam dragon.
The steam dragon is heavily wounded.
You are engulfed in a cloud of scalding steam.
The steam dragon bites you. The steam dragon closely misses you.
Casting: Freeze (safe; 1% risk of failure)
Confirm with . or Enter, or press ? or * to list all spells.
Okay, then.
The steam dragon closely misses you. x2
Casting: Freeze (safe; 1% risk of failure)
Confirm with . or Enter, or press ? or * to list all spells.
Aiming: Stone Arrow (dangerous; 6% risk of failure)
Press: ? - help, Shift-Dir - straight line, f/p - steam dragon
Aim: a steam dragon (heavily wounded, 71% to hit)
The stone arrow hits the steam dragon!
The steam dragon is almost dead.
You are engulfed in a cloud of scalding steam.
* * * LOW HITPOINT WARNING * * *
The steam dragon closely misses you.
The steam dragon claws you but does no damage.
Casting: Stone Arrow (dangerous; 6% risk of failure)
Confirm with . or Enter, or press ? or * to list all spells.
Okay, then.
Blink to where?
Press: ? - help, Dir - move target, p - steam dragon
Okay, then.
Casting: Stone Arrow (dangerous; 6% risk of failure)
Confirm with . or Enter, or press ? or * to list all spells.
Aiming: Stone Arrow (dangerous; 6% risk of failure)
Press: ? - help, Shift-Dir - straight line, f/p - steam dragon
Aim: a steam dragon (almost dead, 71% to hit)
The stone arrow hits the steam dragon!
You kill the steam dragon!
You are engulfed in a cloud of scalding steam.
You die...

#.#.##...#.# #.# ##.
#.#.###..#.# ..# #..
#.#..##....##.## #÷.
##.##..§....#..# #<.
#..####.......# #.#
###.## #...#...# #####
#.# #...#
##.#.§§..####.... ..#
###.###
#..##§.....#..# ####
##...#
###.####@......#######
. #.)### #...#
#(##.....#....# .#
..## #.###
#.##...#.#...>##(
.########.#
##)##...#).....##
......##..#
##..##.#........# .#
+###.....##
#..###.#.##.....# .#
...8#...##
#.####.#...#.)..##.
#...#.###
#.###..###.#....#..
....#.# ##.##..##
#.#....#.#


There were no monsters in sight!

Vanquished Creatures
  Maggie (D:7)
  Sigmund (D:2)
  3 yaks (D:6)
  Eustachio (D:6)
  3 steam dragons (D:7)
  A water moccasin (D:7)
  A sky beast (D:4)
  A necrophage (D:5)
  A black bear (D:5)
  An ogre (D:6)
  A centaur (D:5)
  A phantom (D:6)
  4 bullfrogs (D:6)
  A scorpion (D:7)
  A centaur zombie (D:6)
  2 hounds
  2 bullfrog zombies
  A jelly (D:5)
  A bullfrog skeleton (D:7)
  A gnoll shaman (D:5)
  4 orc priests
  3 iguanas
  Ijyb (D:3)
  Natasha (thrice) (D:2)
  4 orc wizards (D:6)
  A killer bee zombie (D:7)
  A hound zombie (D:3)
  8 gnolls
  8 adders
  2 shadow imps (D:6)
  A white imp (D:6)
  An ufetubus (D:6)
  3 worms
  2 dart slugs
  16 orcs
  5 ball pythons
  6 endoplasms
  12 giant cockroaches
  4 goblins
  3 hobgoblins
  6 kobolds
  6 quokkas
  2 bats
  3 frilled lizards
  24 rats
158 creatures vanquished.

Notes
Turn   | Place    | Note
-------+----------+-------------------------------------------
     0 | D:1      | Bruhh the Gnoll Ice Elementalist began the quest for the
                  | Orb.
     0 | D:1      | Reached XP level 1. HP: 13/13 MP: 6/6
   314 | D:1      | Found Orocer's Weapon Emporium.
   405 | D:1      | Reached XP level 2. HP: 19/19 MP: 4/7
   544 | D:1      | Found a faded altar of an unknown god.
   830 | D:2      | Reached skill level 5 in Spellcasting
   830 | D:2      | Reached XP level 3. HP: 25/25 MP: 3/9
   993 | D:2      | Reached skill level 1 in Invocations
  1055 | D:2      | Learned a level 3 spell: Frozen Ramparts
  1059 | D:2      | Learned a level 3 spell: Ozocubu's Armour
  1137 | D:2      | Reached skill level 1 in Fighting
  1137 | D:2      | Reached skill level 1 in Short Blades
  1137 | D:2      | Reached skill level 1 in Long Blades
  1137 | D:2      | Reached skill level 1 in Axes
  1137 | D:2      | Reached skill level 1 in Maces & Flails
  1137 | D:2      | Reached skill level 1 in Polearms
  1137 | D:2      | Reached skill level 1 in Staves
  1137 | D:2      | Reached skill level 1 in Slings
  1137 | D:2      | Reached skill level 1 in Bows
  1137 | D:2      | Reached skill level 1 in Crossbows
  1137 | D:2      | Reached skill level 1 in Throwing
  1137 | D:2      | Reached skill level 1 in Armour
  1137 | D:2      | Reached skill level 1 in Shields
  1137 | D:2      | Reached skill level 1 in Unarmed Combat
  1137 | D:2      | Reached skill level 1 in Evocations
  1258 | D:2      | Reached XP level 4. HP: 27/32 MP: 8/11
  1343 | D:2      | Noticed Sigmund
  1410 | D:2      | Killed Sigmund
  1411 | D:2      | Reached skill level 1 in Conjurations
  1411 | D:2      | Reached skill level 1 in Hexes
  1411 | D:2      | Reached skill level 1 in Summonings
  1411 | D:2      | Reached skill level 1 in Necromancy
  1411 | D:2      | Reached skill level 1 in Translocations
  1411 | D:2      | Reached skill level 1 in Transmutations
  1411 | D:2      | Reached skill level 1 in Fire Magic
  1411 | D:2      | Reached skill level 1 in Air Magic
  1411 | D:2      | Reached skill level 1 in Earth Magic
  1411 | D:2      | Reached skill level 1 in Poison Magic
  1411 | D:2      | Reached XP level 5. HP: 32/38 MP: 5/12
  1533 | D:2      | Noticed Natasha
  1537 | D:2      | Killed Natasha
  1538 | D:2      | Reached XP level 6. HP: 44/44 MP: 9/13
  1574 | D:2      | Noticed Natasha
  1583 | D:2      | Killed Natasha
  1594 | D:2      | Noticed Natasha
  1600 | D:2      | Killed Natasha
  1601 | D:2      | Reached skill level 5 in Dodging
  2217 | D:3      | Noticed Ijyb
  2224 | D:3      | Killed Ijyb
  2501 | D:3      | Noticed Grinder
  2911 | D:3      | Paralysed by Grinder for 3 turns
  2987 | D:4      | Learned a level 1 spell: Sandblast
  3406 | D:3      | Paralysed by Grinder for 6 turns
  3842 | D:4      | Reached XP level 7. HP: 45/50 MP: 5/15
  4006 | D:4      | Found a runed translucent gate.
  4006 | D:4      | Found a runed translucent gate.
  4007 | D:4      | Found a runed translucent gate.
  4008 | D:4      | Noticed Kangaroobicon's ghost (amateur GnBr)
  4518 | D:4      | Identified the +2 ring mail of the Armoured One {rC+ Str+6}
  4568 | D:5      | Entered Level 5 of the Dungeon
  4738 | D:5      | Reached skill level 5 in Stealth
  4869 | D:5      | Found a runed translucent door.
  4869 | D:5      | Noticed a redback
  4870 | D:5      | Found a runed translucent gate.
  4870 | D:5      | Noticed a redback
  4942 | D:5      | Reached XP level 8. HP: 19/56 MP: 10/16
  5497 | D:5      | Found a runed translucent door.
  5499 | D:5      | Found a runed translucent gate.
  5499 | D:5      | Found a runed translucent gate.
  5506 | D:5      | Found the +9 staff of Olgreb {rPois∞}
  6174 | D:6      | Found a staircase to the Ecumenical Temple.
  6773 | D:6      | Noticed a yak
  6775 | D:6      | Noticed a yak
  6782 | D:6      | Noticed a yak
  6786 | D:6      | Killed a yak
  6789 | D:6      | Killed a yak
  6790 | D:6      | Reached XP level 9. HP: 38/65 MP: 6/18
  7005 | D:6      | Noticed Eustachio
  7023 | D:6      | Killed Eustachio
  7498 | D:6      | Reached skill level 8 in Ice Magic
  7765 | D:6      | Learned a level 3 spell: Stone Arrow
  7786 | D:7      | Identified the +3 ring mail "Zom Aplo" {Contam MP+9 Slay+2}
  9376 | D:7      | Noticed Dowan
  9377 | D:7      | Noticed Duvessa
  9462 | D:7      | Reached skill level 5 in Invocations
  9489 | D:7      | Noticed Maggie
  9497 | D:7      | Killed Maggie
  9846 | D:7      | Engulfed by a cloud of steam

Illustrated notes

Levels and vault maps discovered:
D:1:      shiori_shiawase, layout_basic, ebering_ecumenical_altar_abandoned,
          serial_shops, nicolae_shop_bloodbath_and_beyond
D:2:      minmay_roachtagon, layout_rooms, uniq_sigmund, uniq_natasha
D:3:      minmay_spotlight, layout_loops_cross, minmay_rat_hole, uniq_grinder,
          uniq_ijyb
D:4:      layout_cave_pools, ebering_ghost_rock_garden
D:5:      layout_loops_ring, minmay_guarded_unrand_staff_of_olgreb
D:6:      layout_loops_ring, minmay_temple_entry_proselytizer,
          minmay_fractal_squares_5, uniq_eustachio
D:7:      layout_rooms, minivault_1, uniq_duvessa, uniq_maggie

Skill      XL: |  1  2  3  4  5  6  7  8  9 |
---------------+----------------------------+-----
Spellcasting   | 5 6 |  6.9
Invocations    | 1 2 3 4 5 |  5.2
Fighting       | 1 2 3 4 |  4.7
Short Blades   | 1 2 3 4 |  4.7
Long Blades    | 1 2 3 4 |  4.7
Axes           | 1 2 3 4 |  4.7
Maces & Flails | 1 2 3 4 |  4.7
Polearms       | 1 2 3 4 |  4.7
Staves         | 1 2 3 4 |  4.7
Slings         | 1 2 3 4 |  4.7
Bows           | 1 2 3 4 |  4.7
Crossbows      | 1 2 3 4 |  4.7
Throwing       | 1 2 3 4 |  4.7
Armour         | 1 2 3 4 |  4.7
Shields        | 1 2 3 4 |  4.7
Unarmed Combat | 1 2 3 4 |  4.7
Evocations     | 1 2 3 4 |  4.7
Conjurations   | 1 2 3 |  3.9
Hexes          | 1 2 3 |  3.9
Summonings     | 1 2 3 |  3.9
Necromancy     | 1 2 3 |  3.9
Translocations | 1 2 3 |  3.9
Transmutations | 1 2 3 |  3.9
Fire Magic     | 1 2 3 |  3.9
Air Magic      | 1 2 3 |  3.9
Earth Magic    | 1 2 3 |  3.9
Poison Magic   | 1 2 3 |  3.9
Dodging        | 5 6 |  6.6
Stealth        | 5 6 |  6.3
Ice Magic      | 8 |  8.2

Action                   |  1- 3 |  4- 6 |  7- 9 || total
-------------------------+-------+-------+-------++-------
Melee: Unarmed           |    22 |     2 |       ||    24
       Bite              |     2 |     2 |     6 ||    10
       Punch             |     1 |       |     4 ||     5
       Dagger            |       |    26 |       ||    26
       Whip              |       |     7 |    83 ||    90
Throw: Stone             |       |       |     1 ||     1
 Cast: Freeze            |    47 |    52 |    97 ||   196
       Ozocubu's Armour  |       |     3 |    11 ||    14
       Frozen Ramparts   |       |     3 |    11 ||    14
       Sandblast         |       |     3 |    34 ||    37
       Stone Arrow       |       |       |    20 ||    20
  Use: Scroll            |       |     1 |       ||     1
 Stab: Sleeping          |       |       |     3 ||     3
Armor: Robe              |    11 |    10 |    39 ||    60
Dodge: Dodged            |    46 |    47 |   182 ||   275
